Construct Section Command Post
Selects Heavy Armor Battlegroup
Construct Platoon Command Post
Selects Rigorous Vehicle Training
Unlock M3 Stuart Light Tanks
Selects Crusader AA Medium Tank
Selects UNKNOWN (2162094)
Construct Company Command Post
6-pounder Anti-tank Gun Team
Selects Light Vehicle Withdraw and Refit
Light Vehicle Withdraw and Refit
6-pounder Anti-tank Gun Team
6-pounder Anti-tank Gun Team